 Dungeon Crawl Stone Soup version 0.20.1-1-g8b1a95d (webtiles) character file.

245 Irenicus the Chopper (level 5, -7/45 HPs)
             Began as a Deep Dwarf Skald on Oct 15, 2017.
             Mangled by an iguana (10 damage)
             ... on level 4 of the Dungeon.
             The game lasted 00:05:57 (2318 turns).

Irenicus the Chopper (Deep Dwarf Skald)             Turns: 2318, Time: 00:05:59

Health: -7/45      AC:  5    Str: 14    XL:     5   Next: 83%
Magic:  4/5        EV: 12    Int: 14    God:
Gold:   166        SH:  0    Dex: 13    Spells: 7/8 levels left

rFire    + . .     SeeInvis .   a - +0 hand axe
rCold    . . .     Gourm    .   (no shield)
rNeg     . . .     Faith    .   i - +2 leather armour {rF+}
rPois    +         Spirit   .   (no helmet)
rElec    .         Reflect  .   (no cloak)
rCorr    .         Harm     .   (no gloves)
MR       .....                  (no boots)
Stlth    +.........             (no amulet)
Regen    0.0/turn               k - ring of poison resistance
MPRegen  0.1/turn               (no ring)

@: infused (expiring), non-regenerating
A: damage resistance, heal wounds, sense surroundings 1, no regeneration
a: Heal Wounds


You were on level 4 of the Dungeon.
You were not hungry.

You visited 1 branch of the dungeon, and saw 4 of its levels.

You collected 166 gold pieces.

Inventory:

Hand Weapons
 a - a +0 hand axe (weapon)
Armour
 i - a +2 leather armour of fire resistance (worn)
Jewellery
 k - a ring of poison resistance (left hand)
Wands
 j - a wand of polymorph (6/24)
Scrolls
 b - a scroll of enchant weapon {unknown}
 e - 3 scrolls of identify {unknown}
 h - a scroll of blinking {unknown}
 l - a scroll of teleportation {unknown}
 n - a scroll of noise {unknown}
 p - 2 scrolls of remove curse {unknown}
 r - a scroll of enchant armour {unknown}
 s - a scroll of fog {unknown}
 t - a scroll of magic mapping {unknown}
Potions
 g - a potion of might {unknown}
 m - a potion of magic {unknown}
 q - a potion of agility {unknown}
Books
 c - a book of Battle

   Spells                             Type                      Level
   a - Infusion                       Charms                       1
   b - Shroud of Golubria             Charms/Translocation         2
   c - Song of Slaying                Charms                       2
   d - Spectral Weapon                Hexes/Charms                 3
   e - Regeneration                   Charms/Necromancy            3
Comestibles
 d - a bread ration
 f - 3 meat rations
 o - 2 chunks of flesh


   Skills:
 - Level 2.0 Fighting
 + Level 6.3 Axes
 - Level 1.1 Armour
 - Level 2.1 Dodging
 - Level 2.0 Spellcasting
 - Level 3.0 Charms


You had 7 spell levels left.
You knew the following spells:

 Your Spells              Type           Power        Failure   Level  Hunger
a - Infusion              Chrm           #...         9%          1    ##.....


Dungeon Overview and Level Annotations

Branches:
Dungeon (4/15)
 Temple: D:4-7

Altars:
Trog


Innate Abilities, Weirdness & Mutations

You are resistant to damage.
You can heal yourself by infusing magical energy.
You passively map a small area around you.
You do not regenerate.


Message History

The iguana bites you.
You barely miss the iguana.
The iguana is heavily wounded.
The iguana barely misses you.
You closely miss the iguana.
The iguana is heavily wounded.
The iguana bites you!
* * * LOW HITPOINT WARNING * * *
You hit the iguana.
The iguana is heavily wounded.
Your magical infusion is running out.
The iguana closely misses you.
You barely miss the iguana.
The iguana is heavily wounded.
The iguana bites you!
* * * LOW HITPOINT WARNING * * *
You hit the iguana.
The iguana is severely wounded.
The iguana bites you!
You die...

, ##......... * #.....
,....(...##. , #.....*
*##........., *
#.....# #........###
#......* #........#..
* #.$....
#..........#* .......
#.##......#*
.)....l###.##.....###
,
.......@...##........
#..#......###........
, *
,##.....###......## ,
.................#
..................#.
#.##.#..#............*
# *#.......#......###
, ,
,.#....#........#.. *
, ...............#* *


You could see an iguana.

Vanquished Creatures
  An orc priest (D:4)
  2 orc wizards (D:4)
  Jessica (D:3)
  8 adders
  2 worms (D:2)
  A dart slug (D:3)
  2 leopard geckos
  3 orcs
  3 giant cockroaches
  4 goblins
  6 hobgoblins
  4 jackals
  A quokka (D:2)
  4 bats (D:1)
  4 kobolds (D:2)
  10 rats
56 creatures vanquished.

Notes
Turn   | Place    | Note
-------+----------+-------------------------------------------
     0 | D:1      | Irenicus the Deep Dwarf Skald began the quest for the Orb.
     0 | D:1      | Reached XP level 1. HP: 19/19 MP: 3/3
   590 | D:1      | Reached XP level 2. HP: 23/26 MP: 4/4
   975 | D:2      | Reached skill level 3 in Axes
   975 | D:2      | Reached XP level 3. HP: 11/32 MP: 3/5
  1290 | D:2      | Reached skill level 4 in Axes
  1290 | D:2      | Reached XP level 4. HP: 23/39 MP: 1/6
  1717 | D:3      | Noticed a moth of wrath
  1720 | D:3      | Found a bloodstained altar of Trog.
  1789 | D:3      | Noticed Jessica
  1804 | D:3      | Killed Jessica
  1804 | D:3      | Reached skill level 5 in Axes
  1839 | D:3      | Reached XP level 5. HP: 12/45 MP: 7/7
  2268 | D:4      | Reached skill level 6 in Axes
  2318 | D:4      | Mangled by an iguana

Skill      XL: |  1  2  3  4  5 |
---------------+----------------+-----
Charms         | 3 |  3.0
Fighting       | 2 |  2.0
Axes           | 3 4 5 6 |  6.3
Spellcasting   | 2 |  2.0
Armour         | |  1.1
Dodging        | |  2.1

Action                   |  1- 3 |  4- 6 || total
-------------------------+-------+-------++-------
Melee: Hand axe          |   106 |   144 ||   250
       Unarmed           |       |     9 ||     9
 Cast: Infusion          |     4 |     9 ||    13
 Abil: Heal Wounds       |     2 |     3 ||     5
  Use: Potion            |       |     1 ||     1
 Stab: Sleeping          |       |     1 ||     1
  Eat: Chunk             |     1 |     4 ||     5
Armor: Leather armour    |    29 |    27 ||    56
Dodge: Dodged            |    67 |   102 ||   169
